 Dungeon Crawl Stone Soup version 0.22-a0-553-g9358b0b (webtiles) character file.

207 inc the Chiller (level 5, -3/46 HPs)
             Began as an Octopode Ice Elementalist on June 25, 2018.
             Slain by Purgy (4 damage)
             ... on level 4 of the Dungeon.
             The game lasted 00:04:17 (3687 turns).

inc the Chiller (Octopode Ice Elementalist)         Turns: 3687, Time: 00:04:18

Health: -3/46      AC:  1    Str: 12    XL:     5   Next: 85%
Magic:  8/8        EV: 13    Int: 19    God:
Gold:   187        SH:  0    Dex: 12    Spells: 7/8 levels left

rFire    . . .     SeeInvis .   d - +0 mace (curse)
rCold    . . .     Gourm    .   (no shield)
rNeg     . . .     Faith    .   (helmet restricted)
rPois    .         Spirit   .   (no amulet)
rElec    .         Reflect  .   l - ring of stealth
rCorr    .         Harm     .   (no ring)
MR       .....                  (no ring)
Stlth    ..........             (no ring)
HPRegen  0.15/turn              (no ring)
MPRegen  0.11/turn              (no ring)
                                (no ring)
                                (no ring)

@: berserking, very quick
A: almost no armour, stealthy swim, amphibious, 8 rings, constrict 8, camouflage
1, gelatinous body 1
a: no special abilities


You were on level 4 of the Dungeon.
You were hungry.

You visited 1 branch of the dungeon, and saw 4 of its levels.

You collected 187 gold pieces.

Inventory:

Hand Weapons
 d - a cursed +0 mace (weapon)
Jewellery
 l - a ring of stealth (left tentacle)
Scrolls
 c - 2 scrolls of identify {unknown}
 f - 2 scrolls of enchant weapon
 g - 3 scrolls of remove curse {unknown}
 i - 3 scrolls of teleportation {unknown}
 j - 2 scrolls of magic mapping {unknown}
 k - a scroll of random uselessness {unknown}
Potions
 a - 2 potions of brilliance {unknown}
 e - 2 potions of lignification {unknown}
Comestibles
 b - 8 rations


   Skills:
 - Level 2.0 Dodging
 - Level 2.6 Stealth
 - Level 2.0 Spellcasting
   Level 1.0 Conjurations
 + Level 6.3 Ice Magic


You had 7 spell levels left.
You knew the following spells:

 Your Spells              Type           Power        Failure   Level  Hunger
a - Freeze                Ice            ####         1%          1    #......

Your spell library contained the following spells:

 Spells                   Type           Power        Failure   Level  Hunger
 Throw Frost              Conj/Ice       ###...       5%          2    ###....
 Summon Ice Beast         Ice/Summ       ##......     41%         4    #####..
 Ozocubu's Armour         Chrm/Ice       ##......     14%         3    ###....
 Throw Icicle             Conj/Ice       ###.....     36%         4    #####..


Dungeon Overview and Level Annotations

Branches:
Dungeon (4/15)
 Temple: D:4-7

Altars:
Trog

Annotations:
D:3 Grinder
D:4 Purgy


Innate Abilities, Weirdness & Mutations

You cannot wear most types of armour.
You are very stealthy in the water. (Stealth+)
You are amphibious.
You can wear up to eight rings at the same time.
You can use your tentacles to constrict eight enemies at once.
Your skin changes colour to match your surroundings (Stealth+).
Your rubbery body absorbs attacks. (AC +1, EV +1)


Message History

A gnoll comes into view. It is wielding a flail of draining.
You sock Purgy!
Purgy is moderately wounded.
Purgy bites you! Purgy closely misses you. Purgy claws you.
You hit Purgy.
Purgy is heavily wounded.
Purgy completely misses you. Purgy barely misses you. x2
You hit Purgy. Your squeeze misses Purgy.
Purgy is heavily wounded.
You are feeling hungry.
Purgy bites you.
* * * LOW HITPOINT WARNING * * *
Purgy barely misses you. Purgy claws you.
* * * LOW HITPOINT WARNING * * *
You sock Purgy!
Purgy is severely wounded.
Purgy bites you!
* * * LOW HITPOINT WARNING * * *
Purgy claws you.
You die...

.. ..#####
#.....# .
#g....# ...
#.....#
....##.g...#
...........#
#T@...#
##.[..[# #
##......# #.
##.......# #.##
##...######
#...#####..#.#
##.#.......##.#
..........###.#
..........###.#


You could see Purgy and 2 gnolls.

Vanquished Creatures
  A bullfrog (D:3)
  A worker ant (D:3)
  3 adders
  An ooze (D:3)
  4 worms
  A dart slug (D:1)
  2 leopard geckos
  5 orcs (D:3)
  6 giant cockroaches
  11 goblins
  9 hobgoblins
  2 jackals (D:1)
  6 kobolds
  9 bats
  6 frilled lizards
  5 rats
72 creatures vanquished.

Notes
Turn   | Place    | Note
-------+----------+-------------------------------------------
     0 | D:1      | inc the Octopode Ice Elementalist began the quest for the Orb.
     0 | D:1      | Reached XP level 1. HP: 11/11 MP: 3/3
   307 | D:1      | Reached XP level 2. HP: 15/17 MP: 3/5
   563 | D:1      | Reached skill level 4 in Ice Magic
   692 | D:1      | Reached XP level 3. HP: 15/21 MP: 2/6
  2002 | D:2      | Reached XP level 4. HP: 27/27 MP: 5/7
  2442 | D:2      | Reached skill level 5 in Ice Magic
  2882 | D:3      | Noticed Grinder
  2908 | D:3      | Reached XP level 5. HP: 29/31 MP: 4/8
  2966 | D:3      | Reached skill level 6 in Ice Magic
  3108 | D:3      | Found a bloodstained altar of Trog.
  3627 | D:3      | Paralysed by Grinder for 6 turns
  3679 | D:4      | Noticed Purgy
  3687 | D:4      | HP: 1/46 [Purgy (7)]
  3687 | D:4      | Slain by Purgy

Vault maps used:
D:1:      mushboom_english_gardens
D:2:      first_ration, hangedman_decor_lopped
D:3:      grunt_temple_overflow_open, palyth_stone_intersect, bloody_trog,
          uniq_grinder
D:4:      kiku_gazebo_pond_becter, kennysheep_mini, serial_shops, shop,
          uniq_purgy, uniq_natasha

Skill      XL: |  1  2  3  4  5 |
---------------+----------------+-----
Ice Magic      | 4 5 6 |  6.3
Dodging        | |  2.0
Stealth        | |  2.6
Spellcasting   | |  2.0
Conjurations   | |  1.0

Action                   |  1- 3 |  4- 6 || total
-------------------------+-------+-------++-------
Melee: Mace              |    28 |    48 ||    76
       Unarmed           |     4 |       ||     4
       Constrict         |     6 |    14 ||    20
       Tentacles         |     6 |     7 ||    13
 Cast: Freeze            |    34 |    36 ||    70
  Use: Scroll            |       |     1 ||     1
       Potion            |       |     1 ||     1
 Stab: Sleeping          |     3 |     6 ||     9
  Eat: Chunk             |     3 |     6 ||     9
Armor: Skin              |     8 |     7 ||    15
Dodge: Dodged            |    29 |    59 ||    88

Table legend:
 A = Spawn XP
 B = Non-spawn XP
 C = Spawn XP percentage of total XP
 D = Spawn monster count
 E = Non-spawn monster count
 F = Spawn count percentage of total count
 G = Total turns spent on level
                    A         B        C        D         E        F      G
               +---------+---------+-------+---------+---------+-------+---------
         Total |       0 |     297 |   0.0 |       0 |      72 |   0.0 |  3687
               +---------+---------+-------+---------+---------+-------+---------
           D:1 |       0 |      46 |   0.0 |       0 |      25 |   0.0 |  1589
           D:2 |       0 |      68 |   0.0 |       0 |      23 |   0.0 |   984
           D:3 |       0 |     183 |   0.0 |       0 |      24 |   0.0 |  1067
               +---------+---------+-------+---------+---------+-------+---------
